 Dungeon Crawl Stone Soup version 0.29.1-12-g30fa7ad0bf (webtiles) character file.

Game seed: 8071776447122785042

508 hawla the Firebug (level 7, -1/51 HPs)
             Began as a Meteoran Fire Elementalist on Jan 13, 2023.
             Slain by a lemure (2 damage)
             ... led by Pikel
             ... on level 4 of the Dungeon.
             The game lasted 00:05:22 (890 turns).

hawla the Firebug (Meteoran Fire Elementalist)       Turns: 890, Time: 00:05:23

Health: -1/51      AC:  2    Str:  9    XL:     7   Next: 70%
Magic:  5/14       EV: 13    Int: 19    God:
Gold:   156        SH:  0    Dex: 15    Spells: 8/15 levels left

rFire   . . .      SeeInvis .   (no weapon)
rCold   . . .      Faith    .   (no shield)
rNeg    . . .      Spirit   .   a - +0 robe
rPois   .          Reflect  .   (no helmet)
rElec   .          Harm     .   (no cloak)
rCorr   .          Rampage  .   (no gloves)
Will    .....                   (no boots)
Stlth   +.........              (no amulet)
HPRegen 0.17/turn               (no ring)
MPRegen 0.14/turn               (no ring)

@: glowing
A: sense surroundings 1, otherworldly, glowing, explore regen
a: no special abilities


You were on level 4 of the Dungeon.
You visited 1 branch of the dungeon, and saw 5 of its levels.

You collected 156 gold pieces.

Inventory:

Armour
 a - a +0 robe (worn)
Scrolls
 c - a scroll of noise


   Skills:
 - Level 0.4 Fighting
 - Level 3.5 Dodging
 - Level 1.4 Stealth
 - Level 4.5 Spellcasting
 + Level 5.7 Conjurations
 - Level 6.0 Fire Magic


You had 8 spell levels left.
You knew the following spells:

 Your Spells              Type           Power      Damage    Failure   Level
a - Foxfire               Conj/Fire      100%       2x1d9     1%          1
b - Scorch                Fire           54%        2d7       1%          2
c - Flame Wave            Conj/Fire      26%        2d8       12%         4

Your spell library contained the following spells:

 Spells                   Type           Power      Damage    Failure   Level
 Conjure Flame            Conj/Fire      26%        6-21      3%          3
 Inner Flame              Hex/Fire       15%        N/A       12%         3
 Stone Arrow              Conj/Erth      30%        3d8       12%         3
 Sandblast                Erth           8%         2d5       13%         1
 Passwall                 Tmut/Erth      3%         N/A       21%         2


Dungeon Overview and Level Annotations

Branches:
Dungeon (5/15) Zot: 2109
 Temple: D:4-7

Altars:

Annotations:
D:4 Eustachio, Pikel


Innate Abilities, Weirdness & Mutations

You passively map a small area around you.
You are easily found by Zot.
You glow in the dark.
You regain HP and MP as you explore.


Message History

Casting: Flame Wave (quite dangerous; 12% risk of failure)
Confirm with . or Enter, or press ? or * to list all spells.
The spell is quite dangerous to miscast (12% risk of failure)!
Continue anyway?
Casting: Flame Wave (quite dangerous; 12% risk of failure)
Press: ? - help, Dir - look around, f - activate A wave of flame ripples out!
The flame wave engulfs the lemure.
The lemure is moderately wounded.
The flame wave engulfs the lemure.
The lemure is moderately wounded.
The flame wave engulfs the lemure.
The lemure is heavily wounded.
The flame wave engulfs the goblin.
You kill the goblin!
The flame wave engulfs the lemure.
The lemure is severely wounded.
The flame wave engulfs Pikel.
Pikel is lightly wounded. (Press . to intensify the flame waves.) Pikel hits you with a +0 whip of flaming.
Pikel burns you. The lemure closely misses you. The lemure hits you.
The lemure misses you. The lemure hits you!
* * * LOW HITPOINT WARNING * * *
A wave of flame ripples out!
The flame wave engulfs the lemure!
The lemure is severely wounded.
The flame wave engulfs the lemure!
The lemure is almost dead.
The flame wave engulfs the lemure!
The lemure is severely wounded.
The flame wave engulfs the hobgoblin!
You kill the hobgoblin!
The flame wave engulfs the lemure.
The lemure is severely wounded.
The flame wave engulfs Pikel.
Pikel is moderately wounded.
The lemure hits you.
* * * LOW HITPOINT WARNING * * *
Pikel barely misses you. The lemure hits you.
* * * LOW HITPOINT WARNING * * *
The lemure hits you.
You die...

#
#........######...##....
#
#............##...##....
#
#............#..........
#
#............'..........
#
.....<......#..........
#
............#..........
####.....###########+#
#.55..# , #.@5..# ,
#5)K..# , #.....# , **
#.....# * ........ ,, ,
.......... ,...........,
............ ,, , , ,


You could see Pikel and 4 lemures.

Vanquished Creatures
  Grinder (D:4)
  Duvessa (D:4)
  Dowan (D:4)
  A hound (D:4)
  2 iguanas (D:4)
  4 adders
  3 dart slugs
  6 orcs
  2 endoplasms
  4 goblins
  4 hobgoblins
  3 quokkas
  3 ball pythons
  A bat (D:2)
  2 frilled lizards
  4 kobolds
42 creatures vanquished.

Vanquished Creatures (others)
  66 foxfires
66 creatures vanquished.

Grand Total: 108 creatures vanquished

Notes
Turn   | Place    | Note
-------+----------+-------------------------------------------
     0 | D:1      | hawla the Meteoran Fire Elementalist began the quest for
                  | the Orb.
     0 | D:1      | Reached XP level 1. HP: 14/14 MP: 5/5
    72 | D:1      | Reached skill level 4 in Fire Magic
    72 | D:1      | Reached XP level 2. HP: 12/20 MP: 3/6
   137 | D:1      | Learned a level 2 spell: Scorch
   212 | D:1      | Found a faded altar of an unknown god.
   276 | D:1      | Reached XP level 3. HP: 26/26 MP: 5/8
   369 | D:4      | Noticed Grinder
   375 | D:4      | Paralysed by Grinder for 3 turns
   386 | D:4      | Killed Grinder
   387 | D:4      | Reached skill level 6 in Fire Magic
   387 | D:4      | Reached XP level 4. HP: 22/34 MP: 5/11
   387 | D:4      | Reached XP level 5. HP: 25/39 MP: 5/12
   387 | D:4      | Reached XP level 6. HP: 30/46 MP: 5/13
   394 | D:4      | Learned a level 4 spell: Flame Wave
   524 | D:4      | Reached XP level 7. HP: 49/51 MP: 11/14
   713 | D:4      | Noticed Duvessa
   714 | D:4      | Noticed Dowan
   719 | D:5      | Entered Level 5 of the Dungeon
   778 | D:4      | Killed Duvessa
   778 | D:4      | Noticed Eustachio
   779 | D:4      | Reached skill level 5 in Conjurations
   779 | D:4      | Killed Dowan
   884 | D:4      | Noticed Pikel
   890 | D:4      | HP: 1/51 [lemure[Pikel] (6)]
   890 | D:4      | Slain by a lemure

Illustrated notes

Levels and vault maps discovered:
D:1:      lemuel_arrival_rhombus, layout_loops_ring,
          shapermc_ecumenical_altar_mp_vishouse
D:2:      layout_rooms
D:3:      layout_rooms, cheibrodos_sewer_entry_sluice,
          amcnicky_mini_corridor_feature, uniq_sigmund
D:4:      layout_gridville, uniq_pikel, uniq_grinder, uniq_eustachio,
          uniq_duvessa
D:5:      layout_loops_ring, uniq_crazy_yiuf_cottage, uniq_blork_the_orc,
          uniq_menkaure

Skill      XL: |  1  2  3  4  5  6  7 |
---------------+----------------------+-----
Fire Magic     | 4 6 |  6.0
Spellcasting   | 4 |  4.5
Dodging        | 3 |  3.5
Conjurations   | 2 3 5 |  5.7
Fighting       | |  0.4
Stealth        | |  1.4

Action                   |  1- 3 |  4- 6 |  7- 9 || total
-------------------------+-------+-------+-------++-------
Melee: Unarmed           |     9 |     5 |       ||    14
       Punch             |       |     1 |       ||     1
 Cast: Foxfire           |    24 |    11 |     5 ||    40
       Scorch            |     8 |     2 |     7 ||    17
       Flame Wave        |       |     3 |     4 ||     7
  Use: Potion            |     1 |       |     1 ||     2
       Scroll            |       |       |     4 ||     4
Armor: Robe              |     1 |     3 |     5 ||     9
Dodge: Dodged            |     3 |    14 |    34 ||    51
